 Dungeon Crawl Stone Soup version 0.31.0-9-g3a7656b989 (webtiles) character file.

Game seed: 14768051301904780177

1370 qw the Skirmisher (level 8, -4/46 HPs)
             Began as a Deep Elf Hunter on Feb 2, 2024.
             Was a Follower of Okawaru.
             Slain by an ogre
             ... wielding a +0 giant club
              (18 damage)
             ... on level 6 of the Dungeon.
             The game lasted 00:00:19 (4376 turns).

qw the Skirmisher (Deep Elf Hunter)                 Turns: 4376, Time: 00:00:19

Health: -4/46      AC:  9    Str: 10    XL:     8   Next: 38%
Magic:  13/13      EV: 12    Int: 15    God:    Okawaru [*.....]
Gold:   266        SH:  0    Dex: 18    Spells: 7/7 levels left

rFire   . . .        f - +2 longbow of the Elven Halls {heavy, Fly rElec rC- rN++}
rCold   x . .        (shield currently unavailable)
rNeg    + + .        e - +0 ring mail
rPois   .            h - +1 helmet
rElec   +            c - +0 cloak
rCorr   .            (no gloves)
SInv    .            i - +0 pair of boots
Will    .....        (no amulet)
Stlth   +            (no ring)
HPRegen 0.27/turn    (no ring)
MPRegen 0.13/turn

%: no passive effects
@: flying
A: no striking features
a: Renounce Religion, Heroism


You were on level 6 of the Dungeon.
You worshipped Okawaru.
Okawaru was aware of your devotion.
You visited 2 branches of the dungeon, and saw 7 of its levels.

You collected 266 gold pieces.


   Skills:
 - Level 3.0 Fighting
 + Level 12.1 Ranged Weapons
 - Level 1.1 Armour
 - Level 4.0 Dodging
 - Level 1.2 Stealth
 - Level 4.0 Invocations


You had 7 spell levels left.
You didn't know any spells.
Your spell library was empty.

Inventory:

Hand Weapons
 f - the +2 longbow of the Elven Halls (weapon) {heavy, Fly rElec rC- rN++}
   (You acquired it on level 2 of the Dungeon)

   rC-:       It makes you vulnerable to cold.
   rElec:     It insulates you from electricity.
   rN++:      It greatly protects you from negative energy.
   Fly:       It grants you flight.
Armour
 c - a +0 cloak (worn)
 e - a +0 ring mail (worn)
 h - a +1 helmet (worn)
 i - a +0 pair of boots (worn)
Jewellery
 b - a ring of resist corrosion
 g - an amulet of guardian spirit
Wands
 j - a wand of flame (15)
 n - a wand of iceblast (12)
Scrolls
 a - 2 scrolls of fear {unknown}
 k - a scroll of poison {unknown}
Potions
 d - a potion of cancellation {unknown}
 m - 2 potions of curing {unknown}
 o - a potion of berserk rage {unknown}

Dungeon Overview and Level Annotations

Branches:
Dungeon (6/15)             Temple (1/1) D:4

Altars:
Ashenzari
Dithmenos
Fedhas
Gozag
Hepliaklqana
Kikubaaqudgha
Makhleb
Nemelex Xobeh
Okawaru
Qazlal
Ru
Sif Muna
Trog
Uskayaw
Wu Jian
Xom
Yredelemnul
Zin
The Shining One

Annotations:
D:3 1 runed translucent door, Crazy Yiuf


Message History

a - 2 scrolls labelled XAFAVE ZOHISMA (gained 1)
You hear the hiss of a distant avalanche of sand.
b - a ring of resist corrosion
k - a scroll labelled HAOMEC ZOANTE
m - 2 golden potions (gained 1)
You hear the brisk hiss of an avalanche of sand.
A bullfrog comes into view.
Found a scroll of vulnerability.
The bullfrog moves out of view.
An orc comes into view.
It is wielding a +0 war axe of electrocution.
Found 16 gold pieces and a scale mail.
You shoot an arrow. The arrow hits the orc!!
You kill the orc!
Okawaru accepts your kill.
An ogre comes into view. It is wielding a +0 giant club.
You shoot an arrow. The arrow hits the ogre.
The ogre is lightly wounded.
You shoot an arrow. The arrow hits the ogre!
The ogre is moderately wounded.
An orc comes into view. It is wielding a +0 morningstar.
You shoot an arrow. The arrow hits the orc!
You kill the orc!
An orc comes into view. It is wielding a +0 vampiric hand axe.
The orc moves out of view.
You shoot an arrow. The arrow closely misses the ogre.
The ogre hits you with a +0 giant club!
You shoot an arrow. The arrow barely misses the ogre.
The ogre barely misses you.
You shoot an arrow. The arrow hits the ogre!
The ogre is almost dead.
The orc closely misses you. The ogre closely misses you.
The orc hits you with a +0 vampiric hand axe.
The ogre hits you with a +0 giant club!
You shoot an arrow. The arrow barely misses the ogre.
The orc hits you with a +0 vampiric hand axe.
The ogre closely misses you.
The orc hits you with a +0 vampiric hand axe.
You shoot an arrow. The arrow barely misses the ogre.
The orc hits you with a +0 vampiric hand axe.
The ogre hits you with a +0 giant club!!
You die...

.[ .. .# $#####.
####### .......
#.....# .....
#.###.#####O.###.#
#.#.......@o.....#
#.#.#.#####?.#####
#.....# ..#
###.### ..# #.#
..# #.# ..# ###
#.# ... ..# #.###
#.## #.# #...# #.
#.#


You could see an ogre and an orc.

Vanquished Creatures
  An acid dragon (D:6)
  An ice beast (D:5)
  An orc warrior (D:6)
  2 ogres (D:5)
  A phantom (D:5)
  2 scorpions (D:6)
  2 bombardier beetles
  5 hounds
  A jelly (D:5)
  An orc priest (D:5)
  Terence (D:3)
  5 iguanas
  2 orc wizards
  6 gnolls (D:3)
  8 adders
  5 dart slugs
  3 ribbon worms (D:2)
  12 orcs
  7 ball pythons
  5 bats
  5 endoplasms
  2 giant cockroaches
  3 hobgoblins
  7 jackals (D:1)
  5 kobolds
  7 quokkas
  3 frilled lizards
  5 goblins
  6 rats
114 creatures vanquished.

Notes
Turn   | Place    | Note
-------+----------+-------------------------------------------
     0 | D:1      | qw the Deep Elf Hunter began the quest for the Orb.
     0 | D:1      | Reached XP level 1. HP: 12/12 MP: 3/3
     0 | D:1      | 0 ||| qw: Version: 0.3-a-155-g5e7d8dd
     0 | D:1      | 0 ||| qw: Game counter: 1037
     0 | D:1      | 0 ||| qw: Melee chars always use a shield: true
     0 | D:1      | 0 ||| qw: God list: Okawaru
     0 | D:1      | 0 ||| qw: Allow faded altars: false
     0 | D:1      | 0 ||| qw: Do Orc after clearing Dungeon:15 true
     0 | D:1      | 0 ||| qw: Do second Lair branch before Depths: true
     0 | D:1      | 0 ||| qw: Lair rune preference: random
     0 | D:1      | 0 ||| qw: Goals: Normal
     0 | D:1      | 0 ||| PLANNING D:1-11
   101 | D:1      | Reached XP level 2. HP: 16/16 MP: 4/4
   133 | D:1      | Reached skill level 6 in Ranged Weapons
   181 | D:1      | Found a faded altar of an unknown god.
   333 | D:1      | Reached XP level 3. HP: 20/20 MP: 5/5
   790 | D:1      | Reached skill level 7 in Ranged Weapons
   883 | D:1      | 883 ||| UPGRADING to +0 ring mail.
   893 | D:1      | 893 ||| DROPPING +0 leather armour.
   894 | D:1      | 894 ||| UPGRADING to +0 helmet.
   899 | D:1      | 899 ||| UPGRADING to amulet of guardian spirit.
   904 | D:1      | 904 ||| READING scroll labelled BOKHLI MYTOGGOY.
   904 | D:1      | 904 ||| ENCHANTING +0 helmet.
   905 | D:1      | 905 ||| DROPPING scroll of butterflies.
  1276 | D:2      | Reached XP level 4. HP: 25/25 MP: 3/6
  1803 | D:2      | 1803 ||| UPGRADING to +0 cloak.
  1808 | D:2      | 1808 ||| READING scroll labelled RATUOTRA LIXT.
  1808 | D:2      | Identified a scroll of acquirement
  1808 | D:2      | 1808 ||| ACQUIRING +2 longbow of the Elven Halls {heavy,
                  | Fly rElec rC- rN++}
  1808 | D:2      | Acquired the +2 longbow of the Elven Halls {heavy, Fly
                  | rElec rC- rN++}
  1810 | D:2      | 1810 ||| SWAPPING to +2 longbow of the Elven Halls {heavy,
                  | Fly rElec rC- rN++}.
  1811 | D:2      | 1811 ||| DROPPING +0 shortbow.
  1812 | D:2      | 1812 ||| READING scroll labelled UGHUBBEKLA.
  1897 | D:3      | Reached skill level 8 in Ranged Weapons
  1936 | D:3      | Found a glowing golden altar of the Shining One.
  1938 | D:3      | Reached XP level 5. HP: 29/29 MP: 7/7
  2036 | D:3      | Reached skill level 9 in Ranged Weapons
  2147 | D:3      | Noticed Terence
  2148 | D:3      | Killed Terence
  2224 | D:3      | Found a runed translucent door.
  2225 | D:3      | Noticed Crazy Yiuf
  2273 | D:3      | Found a blossoming altar of Fedhas.
  2608 | D:3      | 2608 ||| READING scroll labelled POUWOI SALIUB.
  2609 | D:3      | 2609 ||| READING scroll labelled MASAOL LILL.
  2710 | D:3      | 2710 ||| DRINKING 2 inky potions.
  2711 | D:3      | 2711 ||| DRINKING metallic emerald potion.
  2712 | D:3      | 2712 ||| DRINKING bubbling inky potion.
  2724 | D:3      | 2724 ||| DROPPING potion of ambrosia.
  2770 | D:4      | Reached skill level 1 in Armour
  2770 | D:4      | Reached XP level 6. HP: 35/35 MP: 8/8
  2910 | D:4      | Found a shadowy altar of Dithmenos.
  3052 | D:4      | Found a staircase to the Ecumenical Temple.
  3053 | D:4      | 3053 ||| PLANNING TEMPLE
  3053 | D:4      | 3053 ||| UPGRADING to +0 pair of boots.
  3058 | D:4      | 3058 ||| DROPPING +6 ring of intelligence.
  3059 | D:4      | 3059 ||| READING scroll labelled CUMADA SURARCHO.
  3059 | D:4      | 3059 ||| IDENTIFYING scroll labelled WYUCE JAIFAZEP
  3060 | D:4      | 3060 ||| DROPPING scroll of blinking.
  3069 | Temple   | Entered the Ecumenical Temple
  3069 | Temple   | Noticed a chaos spawn
  3070 | Temple   | 3070 ||| PLANNING OKAWARU WORSHIP
  3070 | Temple   | Noticed Gotat the pandemonium lord
  3070 | Temple   | Noticed Topoz the pandemonium lord
  3070 | Temple   | Noticed an Ice Fiend
  3071 | Temple   | Noticed a shadow demon
  3071 | Temple   | Noticed an ice devil
  3073 | Temple   | Noticed Ocrui the pandemonium lord
  3073 | Temple   | Noticed a hellion
  3086 | Temple   | Became a worshipper of Warmaster Okawaru
  3087 | Temple   | 3087 ||| PLANNING D:1-11
  3087 | Temple   | 3087 ||| REMOVING amulet of guardian spirit.
  3103 | Temple   | Noticed Oxzocof the pandemonium lord
  3105 | Temple   | Noticed a sun demon
  3107 | Temple   | Noticed a rust devil
  3107 | Temple   | Noticed a neqoxec
  3283 | D:4      | Found a hide-covered altar of Uskayaw.
  3335 | D:5      | Entered Level 5 of the Dungeon
  3396 | D:5      | Reached skill level 10 in Ranged Weapons
  3451 | D:5      | Noticed an ice beast
  3459 | D:5      | Killed an ice beast
  3460 | D:5      | Reached XP level 7. HP: 20/40 MP: 9/9
  3632 | D:5      | Reached * piety under Okawaru
  3633 | D:5      | Reached skill level 11 in Ranged Weapons
  3663 | D:5      | Reached skill level 1 in Invocations
  3899 | D:5      | 3899 ||| DROPPING ring of wizardry.
  3900 | D:5      | 3900 ||| READING scroll labelled LISUSCHULUGG.
  4001 | D:5      | 4001 ||| READING scroll labelled ZINEBA ASCHOEFO.
  4005 | D:6      | 4005 ||| PLANNING OSSUARY
  4028 | D:6      | 4028 ||| RETREEEEATING.
  4029 | D:6      | 4029 ||| RETREEEEATING.
  4032 | D:6      | Reached XP level 8. HP: 25/44 MP: 10/12
  4034 | D:6      | Reached skill level 3 in Invocations
  4038 | D:6      | HP: 8/44 [orc warrior/+0 war axe (14)]
  4039 | D:6      | 4039 ||| READING 2 scrolls of teleportation.
  4041 | D:6      | Reached skill level 12 in Ranged Weapons
  4046 | D:6      | 4046 ||| READING scroll of teleportation.
  4047 | D:6      | HP: 5/45 [orc/+0 club (5)]
  4246 | D:6      | Reached skill level 3 in Fighting
  4376 | D:6      | Slain by an ogre

Levels and vault maps discovered:
D:1:      nagdon_arrival_zigzag_paths, layout_loops_corners,
          ebering_ecumenical_altar_ruins
D:2:      layout_basic, st_stairs_8
D:3:      layout_loops_ring, fedhas_altar_2,
          mainiacjoe_overflow_concentric_impassable, uniq_terence,
          uniq_crazy_yiuf_cottage
D:4:      layout_rooms, mainiacjoe_overflow_surrounded_room, lemuel_round_altar,
          minmay_temple_entry_purple_smoke
D:5:      layout_basic, st_stairs_1
D:6:      layout_loops_ring, serial_shops, shop, enter_ossuary_4
Temple:   nicolae_temple_panitentiary

Skill      XL: |  1  2  3  4  5  6  7  8 |
---------------+-------------------------+-----
Ranged Weapons | 6 7 8 9 10 11 12 | 12.1
Fighting       | 2 3 |  3.0
Armour         | 1 |  1.1
Dodging        | 4 |  4.0
Invocations    | 2 4 |  4.0
Stealth        | |  1.2

Action                     |  1- 3 |  4- 6 |  7- 9 || total
---------------------------+-------+-------+-------++-------
   Fire: Shortbow          |   140 |    31 |       ||   171
         Longbow           |       |    78 |    62 ||   140
    Use: Scroll            |     1 |     5 |     4 ||    10
         Potion            |       |     3 |       ||     3
 Armour: Leather armour    |    27 |       |       ||    27
         Ring mail         |    14 |    39 |    33 ||    86
  Dodge: Dodged            |    47 |    44 |    15 ||   106

Table legend:
 A = Non-vault XP
 B = Vault XP
 C = Vault XP percentage of total XP
 D = Non-vault monster count
 E = Vault monster count
 F = Vault count percentage of total count
                 A         B        C        D         E       F
            +---------+---------+-------+---------+---------+-------
      Total |    1709 |     249 |  12.7 |     109 |       5 |   4.4
            +---------+---------+-------+---------+---------+-------
        D:1 |      63 |       0 |   0.0 |      30 |       0 |   0.0
        D:2 |      50 |      13 |  20.6 |      18 |       1 |   5.3
        D:3 |     172 |      38 |  18.1 |      17 |       1 |   5.6
        D:4 |     189 |       0 |   0.0 |      13 |       0 |   0.0
        D:5 |     602 |     198 |  24.8 |      16 |       3 |  15.8
        D:6 |     633 |       0 |   0.0 |      15 |       0 |   0.0
            +---------+---------+-------+---------+---------+-------
